Cogmind - Beta 13 @@@ ROGUE MODE // 2024.04.18 @ 17:57:18 Player: ThemBee Result: Destroyed by 1E-VRG(R) with Subdweller Laser Performance ------------- Evolutions (0) 0 Regions Visited (2) 400 Robots Destroyed (30) 150 Value Destroyed (785) 785 Prototype IDs (2) 40 Alien Tech Used (0) 0 Bonus (0) 0 TOTAL SCORE: 1375 Bonus ------- None Cogmind --------- Core Integrity 0/250 Matter 266/300 Energy 164/200 System Corruption 0% Temperature Cool (36) Movement Treading (160) Location -10/Subcaves Parts ------- > --- POWER (1) -------- Subdweller Power Source > --- PROPULSION (2) --- Spiked Treads Spiked Treads > --- UTILITY (2) ------ Medium Storage Unit Signal Interpreter > --- WEAPON (2) ------- Makeshift Laser Subdweller Beam Cannon > --- INVENTORY (10) --- Subdweller Power Source Subdweller Power Source Subdweller Monowheel Subdweller Monowheel Subdweller Monowheel Hover Unit Subdweller Optics Sensor Array Hacking Suite Light Cannon Peak State ------------ > --- POWER ------------ Subdweller Power Source > --- PROPULSION ------- Subdweller Monowheel Subdweller Monowheel > --- UTILITY ---------- Medium Storage Unit Signal Interpreter > --- WEAPON ----------- Makeshift Laser Subdweller Beam Cannon > --- INVENTORY -------- Subdweller Power Source Subdweller Power Source Spiked Treads Subdweller Monowheel Hover Unit Medium Storage Unit Subdweller Optics Sensor Array Hacking Suite Light Cannon [Rating: 15] Favorites ----------- Power Ion Engine Engine Ion Engine Propulsion Aluminum Leg Treads Light Treads Leg Aluminum Leg Wheel Subdweller Monowheel Utility Signal Interpreter Storage Medium Storage Unit Processor Signal Interpreter Weapon Light Cannon Energy Gun Makeshift Laser Energy Cannon Subdweller Beam Cannon Ballistic Gun Assault Rifle Ballistic Cannon Light Cannon Special Weapon Mining Laser Build | -11 -10 -10 ------- Run | Yrd Mat Sub Slots Evolved . | . . . Power . | . . . Propulsion . | . . . Utility . | . . . Weapon . | . . . Parts Attached 33 | 7 11 15 Power 5 | 1 2 2 Engine 5 | 1 2 2 Core . | . . . Reactor . | . . . Propulsion 11 | 2 2 7 Treads 4 | 2 . 2 Leg 3 | . 2 1 Wheel 4 | . . 4 Hover . | . . . Flight . | . . . Utility 6 | 1 4 1 Device . | . . . Storage 5 | 1 3 1 Processor 1 | . 1 . Hackware . | . . . Protection . | . . . Artifact . | . . . Weapon 11 | 3 3 5 Energy Gun 3 | 2 . 1 Energy Cannon 1 | . . 1 Ballistic Gun 1 | 1 . . Ballistic Cannon 5 | . 2 3 Launcher . | . . . Special Weapon 1 | . 1 . Impact Weapon . | . . . Slashing Weapon . | . . . Piercing Weapon . | . . . Special Melee Weapon . | . . . Unidentified Prototypes . | . . . Parts Lost 3 | . 2 1 Power 1 | . 1 . Propulsion 2 | . 1 1 Utility . | . . . Weapon . | . . . Highest Loss Streak 1 | . 1 1 To Critical Strikes . | . . . Average Slot Usage (%) 97 | . 94 99 Engine 13 | . 13 14 Treads 4 | . 10 1 Leg 15 | . 16 14 Wheel 7 | . . 12 Storage 14 | . 14 14 Processor 12 | . 10 14 Energy Gun 2 | . 1 3 Energy Cannon 5 | . . 8 Ballistic Cannon 18 | . 23 14 Special Weapon 1 | . 1 1 Naked Turns . | . . . Heaviest Build 26 | 13 21 26 Greatest Support 40 | 40 40 40 Greatest Overweight (x) 8 | . 1 8 Average Overweight (x) . | . . . Largest Inventory Capacity 10 | 8 10 10 Average Capacity 9 | 7 8 10 Most Carried 10 | 4 10 10 Average Carried 8 | 2 7 9 Final Capacity 10 | 8 10 10 Final Carried 10 | 4 10 10 Class Distribution -------------------- 100% | Mutant Dominant Class ---------------- Mutant | -10/Materials Mutant | -10/Subcaves Resources | -11 -10 -10 ----------- Run | Yrd Mat Sub Matter Collected 991 | 270 386 335 Remotely . | . . . Salvage Created 734 | . 453 281 Parts 49 | . 31 18 Haulers Intercepted 2 | . 2 . Recyclers Shooed 1 | . 1 . Parts Field Recycled . | . . . Retrieved Matter . | . . . Parts Self-Destructed 18 | . . 18 Prevented . | . . . Kills | -11 -10 -10 ------- Run | Yrd Mat Sub Combat Hostiles Destroyed 21 | . 12 9 Guns 2 | . 2 . Cannons 18 | . 10 8 Classes Destroyed 8 | . 6 2 Builder 1 | . 1 . Hauler 2 | . 2 . Operator 1 | . 1 . Turret 2 | . . 2 Watcher 3 | . 3 . Swarmer 6 | . 3 3 Grunt 9 | . 9 . Subdweller 6 | . . 6 Best Kill Streak 5 | . 5 2 Combat Bots Only 3 | . 3 2 Max Kills in Single Turn 1 | . 1 1 Gunslinging . | . . . Exploded . | . . . Melee . | . . . Uniques/NPCs Destroyed . | . . . Combat | -11 -10 -10 -------- Run | Yrd Mat Sub Hostile Shots Fired 141 | . 62 79 Missed 28 | . 5 23 Damage Taken 1485 | . 673 812 Core 250 | . 141 109 Absorbed by Shields . | . . . Core Remaining (%) 100 | 100 . . Volleys Fired 117 | . 60 57 Largest 2 | . 2 2 Hottest 130 | . 100 130 Shots Fired 215 | . 114 101 Gun 38 | . 32 6 Cannon 171 | . 76 95 Launcher . | . . . Special 6 | . 6 . Kinetic 148 | . 92 56 Thermal 67 | . 22 45 Explosive . | . . . Electromagnetic . | . . . Robot Hit Streak 10 | . 7 10 Robot Miss Streak 8 | . 8 3 Penetration Max . | . . . Secondary Targets . | . . . Shots Hit Robots 111 | . 63 48 Core Hits 35 | . 23 12 Critical Kills 1 | . . 1 Critical Parts Destroyed . | . . . Critical Strikes 8 | . 5 3 Burn 1 | . . 1 Meltdown 1 | . . 1 Blast 6 | . 5 1 Melee Attacks . | . . . Impact . | . . . Slashing . | . . . Piercing . | . . . Sneak Attacks . | . . . Combat Hostiles . | . . . Follow-up Attacks . | . . . Damage Inflicted 1940 | . 1035 905 Guns 301 | . 233 68 Cannons 1639 | . 802 837 Explosions . | . . . Melee . | . . . Ramming . | . . . Kinetic 1289 | . 927 362 Thermal 651 | . 108 543 Explosive . | . . . Electromagnetic . | . . . Impact . | . . . Slashing . | . . . Piercing . | . . . Highest Corruption . | . . . Average Corruption . | . . . Corruption Purged . | . . . Corruption Blocked . | . . . Overload Shots . | . . . Overflow Damage 54 | . 37 17 Projectiles 54 | . 37 17 Explosions . | . . . Melee . | . . . Knockbacks 18 | . 12 6 Impact . | . . . Kinetic 16 | . 10 6 Secondary 2 | . 2 . Self-Inflicted Damage . | . . . Shots . | . . . Rammed . | . . . Targets Rammed . | . . . Kicked . | . . . Crushed . | . . . Highest Temperature 226 | . 226 30 Average Temperature 47 | . 56 11 Received Heat Transfer 684 | . 408 276 Siege Activations . | . . . Robots Corrupted . | . . . Combat Hostiles . | . . . Parts Fried . | . . . Impact Corruptions . | . . . Robots Melted 1 | . . 1 Combat Hostiles 1 | . . 1 Parts Melted 2 | . 1 1 Heat Transferred 1101 | . 250 851 Parts Sabotaged . | . . . Parts Stolen . | . . . Parts Stripped . | . . . Power Chain Reactions . | . . . Alert | -11 -10 -10 ------- Run | Yrd Mat Sub Peak Influence 242 | . 242 . Initial . | . . . Average 84 | . 90 . Maximum Alert Level 1 | . 1 . Low Security (%) 89 | 100 89 . Level 1 10 | . 10 . Level 2 . | . . . Level 3 . | . . . Level 4 . | . . . Level 5 . | . . . High Security . | . . . Max Security . | . . . Squads Dispatched 2 | . 2 . Investigation 1 | . 1 . Extermination . | . . . Reinforcement 1 | . 1 . Assault . | . . . Garrison . | . . . Intercept . | . . . Searches Triggered . | . . . Construction Impeded . | . . . Haulers Reinforced . | . . . Active Scanning Responses . | . . . Cargo Convoy Interrupts . | . . . Stealth | -11 -10 -10 --------- Run | Yrd Mat Sub Distress Signals 2 | . 2 . Communications Jammed . | . . . Distress Signals . | . . . Times Spotted 63 | . 20 43 Peak Tracking Total 3 | . 3 3 Tactical Retreats 5 | . . 5 Traps | -11 -10 -10 ------- Run | Yrd Mat Sub Traps Triggered 1 | . 1 . Indirectly . | . . . Trap Hack Attempts . | . . . Triggered . | . . . Disarmed . | . . . Reprogrammed . | . . . Reused . | . . . Traps Extracted . | . . . Installed . | . . . Triggered . | . . . Machines | -11 -10 -10 ---------- Run | Yrd Mat Sub Machines Disabled 4 | . 2 2 Max in Single Turn 1 | . 1 1 Machines Repaired . | . . . Machines Dismantled . | . . . Machines Sabotaged . | . . . Overloaded Fab Kills . | . . . Hacking | -11 -10 -10 --------- Run | Yrd Mat Sub Machines Accessed 8 | . 8 . Terminals 6 | . 6 . Fabricators . | . . . Repair Stations . | . . . Recycling Units 2 | . 2 . Scanalyzers . | . . . Garrison Access . | . . . Total Hacks 25 | . 25 . Successful 6 | . 6 . Failed 18 | . 18 . Catastrophic 3 | . 3 . Database Lockouts 1 | . 1 . Manual 14 | . 14 . Terminals 16 | . 16 . Fabricators . | . . . Repair Stations . | . . . Recycling Units 9 | . 9 . Scanalyzers . | . . . Garrison Access . | . . . Terminal Hacks 3 | . 3 . Prototype ID Bank 1 | . 1 . Alert Level 1 | . 1 . Locate Traps 1 | . 1 . Fabricator Hacks . | . . . Repair Station Hacks . | . . . Recycling Unit Hacks 3 | . 3 . Retrieve Matter 2 | . 2 . Retrieve Components 1 | . 1 . Scanalyzer . | . . . Garrison Access Hacks . | . . . Unauthorized Hacks . | . . . Terminals . | . . . Fabricators . | . . . Repair Stations . | . . . Recycling Units . | . . . Scanalyzers . | . . . Garrison Access . | . . . Data Cores Recovered 1 | . 1 . Used . | . . . Hacking Detections 6 | . 6 . Full Trace Events . | . . . Feedback Events . | . . . Feedback Blocked . | . . . Robot Schematics Acquired . | . . . Robots Built . | . . . Authchips . | . . . Time . | . . . Total Robot Build Rating . | . . . Part Schematics Acquired . | . . . Parts Built . | . . . Authchips . | . . . Time . | . . . Total Part Build Rating . | . . . Parts Repaired . | . . . Time . | . . . Parts Recycled . | . . . Recycled Matter . | . . . Retrieved Matter 121 | . 121 . Retrieved Components 8 | . 8 . Parts Scanalyzed . | . . . Part Schematics Acquired . | . . . Parts Damaged . | . . . Bothacking | -11 -10 -10 ------------ Run | Yrd Mat Sub Used RIF Installer . | . . . Robots Hacked . | . . . Non-combat . | . . . Combat . | . . . Robot Hacks Applied . | . . . Relay Couplers Released . | . . . Fabnet Peak Effective % . | . . . Robots Rewired . | . . . Allies Hacked . | . . . Hacks Repelled . | . . . Allies | -11 -10 -10 -------- Run | Yrd Mat Sub Total Allies . | . . . Largest Group . | . . . Highest-Rated Group . | . . . Highest-Rated Ally . | . . . Total Orders . | . . . Ally Attacks . | . . . Total Damage . | . . . Kills . | . . . Allies Corrupted . | . . . Allies Melted . | . . . Intel | -11 -10 -10 ------- Run | Yrd Mat Sub Robot Analysis Total . | . . . Derelict Logs Recovered 1 | . . 1 Drone Launches . | . . . Drone Recoveries . | . . . Exploration | -11 -10 -10 ------------- Run | Yrd Mat Sub Turns Passed 3350 | 86 1306 1958 Spaces Moved 2032 | 48 748 1236 Core 5 | 4 . 1 Treads 232 | 44 184 4 Legs 1080 | . 564 516 Wheels 715 | . . 715 Hover . | . . . Flight . | . . . Fastest Speed 50 | 50 120 110 Average Speed 134 | 150 132 135 Slowest Speed 450 | 160 190 450 Overloaded Moves . | . . . Propulsion Burnouts . | . . . Robots Hopped . | . . . Cave-ins Triggered . | . . . Exploration Rate (%) 54 | 4 85 74 Regions Visited 2 Branch Regions 1 Pre-discovered Areas . | . . . Known Exits Taken 1 | . 1 . Unknown Exits Taken 1 | 1 . . Scrap Searched 1 | . . 1 Spaces Dug 7 | . 4 3 Terrain Destroyed 9 | . 5 4 Melee . | . . . Projectile 9 | . 5 4 AOE . | . . . Terrain Rammed . | . . . Walls Destroyed . | . . . Machines Disabled . | . . . Actions | -11 -10 -10 --------- Run | Yrd Mat Sub Total 2417 | 58 934 1425 Wait 199 | . 102 97 Move 2030 | 47 747 1236 Hop . | . . . Pick Up 21 | 4 10 7 Fast Attach 11 | 6 2 3 Attach 4 | . 3 1 Detach . | . . . Swap 18 | 1 6 11 Drop 17 | . 4 13 Fire 117 | . 60 57 Melee . | . . . Ram . | . . . Kick . | . . . Crush . | . . . Escape Stasis . | . . . Rewire . | . . . Trap . | . . . Miscellaneous . | . . . Route ------- -11/Scrapyard -10/Materials (discovered 5 exits: *Mat x2 / *Min x2 / *Sub) -10/Subcaves (discovered 2 exits: [*Mat] / *Rec) History --------- Turn | Location | Event 11 | -11/Scrapyard | Discovered new exit (range 16) 87 | -11/Scrapyard | Entered Materials 276 | -10/Materials | Discovered new exit (range 16) 318 | -10/Materials | Build established: Mutant 339 | -10/Materials | Core integrity fell below 50% 410 | -10/Materials | Discovered new exit (range 7) 691 | -10/Materials | Discovered new exit (range 16) 719 | -10/Materials | Identified exit to Materials 930 | -10/Materials | Identified exit to Mines 1020 | -10/Materials | Central database locked down 1032 | -10/Materials | Discovered exit to Materials (range 13) 1388 | -10/Materials | Discovered new exit (range 3) 1392 | -10/Materials | Identified exit to Subcaves 1393 | -10/Materials | Entered Subcaves 1652 | -10/Subcaves | Discovered new exit (range 15) 1869 | -10/Subcaves | Identified exit to Recycling 2294 | -10/Subcaves | Shifting Twisted Machinery released Sub. Monowheel 2371 | -10/Subcaves | Core integrity fell below 20% 2410 | -10/Subcaves | Shifting Twisted Machinery released Sub. Machine Gun 2526 | -10/Subcaves | A swath of the cavern ceiling suddenly collapsed 2869 | -10/Subcaves | Learned Materials stockpile data 2873 | -10/Subcaves | Shifting Twisted Machinery released Battle Rifle 2886 | -10/Subcaves | Shifting Twisted Machinery released Mak. Laser 3275 | -10/Subcaves | Discovered new exit (range 15) 3351 | -10/Subcaves | Destroyed by 1E-VRG(R) with Subdweller Laser Last Messages --------------- Mak. Laser falls loose from the Twisted Machinery. 02887_ Dropped Lgt. Cannon. 02890_ Acquired Mak. Laser. 03059_ GI-KXD(R) destroyed. 03061_ Subatomizers dissect the Sub. Power Source. 03101_ V4-TZA(R) suffers critical hit (Burn). 03101_ V4-TZA(R) destroyed. 03104_ L6-E1Y(R) destroyed. 03107_ Acquired 10 matter. 03112_ Dropped Sub. Monowheel. 03116_ Dropped Sub. Power Source. 03131_ Acquired 6 matter. 03133_ Dropped Med. Storage Unit. 03133_ Acquired Spk. Treads. 03207_ Subatomizers dissect the Med. Storage Unit. 03275_ EXIT=FOUND 03335_ G-47 Trooper destroyed. Map ----- +----------------------------------------------------+ | | | | | | | | | | | ?????????????????????????????????????????????????? | | ?????????????????????????????????????????????????? | | ?????????????????????????????????????????????????? | | ?????????????????????????????????????????????????? | | ?????????????????????????????????????????????????? | | ?????????????????????????????????????????????????? | | ?????????????????????????????????????????????????? | | ?????????????????????????????????????????????????? | | ?????????????????????????????????????????????????? | | ?????????????????????????????????????????????????? | | ?????????????????????????????????????????????????? | | ?????????????????????????????????????????????????? | | ?????????????????????????????????????????????????? | | ?????????????????????????????????????????????????? | | ???????????????####??????????????????????????????? | | ##??###???????## ########???????????????????????? | | #### ##??????# ##??????????????????????? | | ## #??###?## ##?????????????????????? | | ## #### #??## #???####??????????????? | | ### #??## #??# "??????????????? | | ## #### @##?# """???????????????? | | ## #### R##?# """???????????????? | | ## ###??## ### """"" ????????????? | | ### ##?????# " " ???????????? | | # #?# #??????# " "#?????????????? | | ###### #??????# " ##?????????????? | | ##??## ##????# %" ""#??????????????? | | #??# ##???# %%= ??????????????? | | ##?# ### #???#### % "?????????????? | | ## ##?# ??????### < ????????????? | | ### ##?# ## ????????# % ???????????? | | #?## ### #?# ?? ?## ### ???????????? | | #??## ### # #??# ??????????? | | #???# ###? ??????????? | | ##??# #?? ???????????? | | ##?# #??? ???????????? | | ### #????????????????? | | # ##?? ????????????? | | ## ?????????????? | | ## ??????????????? | | ## ### ???????????????? | | ## #?## ### #????????????????? | | # #??# #### #?????????????????? | | # #?## ##?# #########?????????? | | # ##?# #### # # #?????????? | +----------------------------------------------------+ Best States ------------- Heat Dissipation 25 Energy Generation 15 Energy Capacity 250 Matter Stores 300 Matter Capacity 300 Sight Range 16 Terrain Scan Density 10 Evasion (%) 55 Recoil Reduction 2 Item Schematics ----------------- None Robot Schematics ------------------ None Fabricated ------------ Nothing Alien Tech Used ----------------- None Achievements -------------- None Challenges ------------ None Game ------ Seed DimensionalSniperInjector Manual? 0 Play Time 00:35:50 Cumulative 19.7 hours Start 2024.04.18 @ 17:20:03 End 2024.04.18 @ 17:57:18 Sessions 1 Manual Loads 0 Difficulty Rogue Special Mode None Game No. 16 Rogue 16 Adventurer 0 Explorer 0 Win Type - Total 0 Types 0/0/0/0/0/0/0/0/0 Lore% 10 Gallery% 19 Achievement% 17 Wizard Run 0 Options --------- Layout 2 ASCII 0 Keyboard 0 Movement Numpad Keybinds 0 Fullscreen 2 Font 24/Smallcaps Map View 50x44 Zoom Use 0% Tactical HUD 1 Map Filters NONE Filters NONE Steam 1 RUN: 37a13d61-ad41-4742-beb4-b3dd71f3c7d1